 Dungeon Crawl Stone Soup version 0.18.1-48-g4cf74bf (webtiles) character file.

43 lawna the Skirmisher (level 3, 0/36 HPs)
             Began as a Troll Fighter on Sept 7, 2016.
             Slain by a hobgoblin (1 damage)
             ... on level 2 of the Dungeon.
             The game lasted 00:07:18 (1347 turns).

lawna the Skirmisher (Troll Fighter)                Turns: 1347, Time: 00:07:20

Health: 0/36       AC:  5    Str: 25    XL:     3   Next: 37%
Magic:  2/2        EV:  8    Int:  4    God:
Gold:   105        SH: 11    Dex:  9    Spells: 0 memorised, 2 levels left

rFire  . . .     SeeInvis .     i - -3 hunting sling (curse)
rCold  . . .     Gourm    +     a - +0 robe
rNeg   . . .     Faith    .     b - +2 shield
rPois  .         Spirit   .     (helmet restricted)
rElec  .         Dismiss  .     (no cloak)
rCorr  .         Reflect  .     (gloves unavailable)
SustAt .         Harm     .     (boots unavailable)
MR     .....                    (no amulet)
Stlth  +.........               (no ring)
                                (no ring)

@: not resistant to hostile enchantments, very unstealthy
A: unfitting armour, claws 3, fast metabolism 3, gourmand, regeneration 2,
shaggy fur 1, tough skin 2
a: no special abilities


You were on level 2 of the Dungeon.
You were not hungry.

You visited 1 branch of the dungeon, and saw 2 of its levels.

You collected 105 gold pieces.

Inventory:

Hand Weapons
 i - a cursed -3 hunting sling (weapon)
Armour
 a - a +0 robe (worn)
 b - a +2 shield (worn)
 e - a +0 leather armour
Scrolls
 f - a scroll of remove curse
Potions
 c - 2 potions of might
 g - a potion of flight {unknown}
 h - a potion of curing {unknown}
Comestibles
 d - 2 bread rations


   Skills:
 + Level 2.8 Fighting
 + Level 2.8 Dodging
 + Level 2.7 Shields
 + Level 2.3 Unarmed Combat


You had 2 spell levels left.
You didn't know any spells.

Dungeon Overview and Level Annotations

Branches:
Dungeon (2/15)

Altars:
Pakellas
Trog


Innate Abilities, Weirdness & Mutations

You are too large for most types of armour.
You have claws for hands.
Your metabolism is lightning-fast.
You like to eat raw meat.
You heal very quickly.
You are covered in fur (AC +1).
You have very tough skin (AC +2).


Message History

* * * LOW HITPOINT WARNING * * *
The kobold hits you.
* * * LOW HITPOINT WARNING * * *
You block the hobgoblin's attack. The rat bites you.
* * * LOW HITPOINT WARNING * * *
You closely miss the kobold. You block the giant cockroach's attack.
The kobold closely misses you. The hobgoblin hits you.
* * * LOW HITPOINT WARNING * * *
You block the rat's attack. The giant cockroach barely misses you.
The hobgoblin barely misses you. The kobold barely misses you.
You barely miss the kobold. The rat bites you but does no damage.
You block the giant cockroach's attack. The kobold hits you but does no damage.
You block the hobgoblin's attack.
The giant cockroach bites you but does no damage.
The rat bites you but does no damage.
You clumsily bash the kobold but do no damage.
The giant cockroach bites you.
* * * LOW HITPOINT WARNING * * *
You block the kobold's attack. The hobgoblin hits you.
You die...

.... #.. ...# .....##..
...# ......... .....#
#..........
.....###..........
#.......##.#.....
########.......##.#...<.
#......r.......##.#.....
####@g.......#.#.....
+...sK.........#.####
####.............#
#........######
#?.......# #.###......#
#.# ######## ... ....


You could see a giant cockroach, a hobgoblin, a kobold and a rat.

Vanquished Creatures
  2 worms (D:2)
  A dart slug (D:1)
  A giant gecko (D:1)
  A giant cockroach (D:1)
  2 goblins
  5 hobgoblins (D:1)
  4 kobolds
  A quokka (D:2)
  2 ball pythons (D:1)
  8 bats
  3 giant newts
  4 rats
34 creatures vanquished.

Notes
Turn   | Place    | Note
--------------------------------------------------------------
     0 | D:1      | lawna the Troll Fighter began the quest for the Orb.
     0 | D:1      | Reached XP level 1. HP: 22/22 MP: 0/0
   269 | D:1      | Reached XP level 2. HP: 29/29 MP: 1/1
   794 | D:2      | Reached XP level 3. HP: 36/36 MP: 2/2
   870 | D:2      | Found a bloodstained altar of Trog.
   946 | D:2      | Found an oddly glowing altar of Pakellas.
  1347 | D:2      | HP: 1/36 [giant cockroach (2)]
  1347 | D:2      | Slain by a hobgoblin

Action                   || total
-------------------------++-------
Melee: Unarmed           ||    87
       Hunting sling     ||   237
  Use: Scroll            ||     3
  Eat: Chunk             ||    13
Armor: Robe              ||   269
Dodge: Dodged            ||   294
Block: Shield            ||   451
